AoeStats
← Tsoudbrah

Nomad

509311915Analyzed
2v2 RM · 7d ago on Sep 26, 2026· 52m 51s· 4 players
Game mode
Random Map
Map size
176×176
Population
200
Speed
Normal
Resources
Standard
Victory
Conquest
Starting age
Dark Age
Ending age
Imperial Age
RankedLock teamsTeams togetherTeam positionsShared explorationLock speedFull tech treeHidden civsTurbo modeCheats
Victory
Defeat
🇺🇸 Franks · United States
1376
+16
🇯🇵 Spanish · Japan
1325
+19
🇫🇷 Saracens · France
1421
-19
🇺🇸 Japanese · United States
1346
-16
Tsoudbrah
5:55 Loom
13:30 Feudal Age
14:19 Double-Bit Axe
19:14 Fletching
22:22 Castle Age
21:49 Scale Mail Armor
21:59 Forging
21:12 Man-at-Arms
23:19 Medium Warships
23:05 Bodkin Arrow
24:49 Gold Mining
24:44 Horse Collar
25:19 Pikeman
25:59 Squires
29:34 Squires
37:11 Fishing Lines
38:08 Wheelbarrow
38:16 Arson
38:48 Chain Mail Armor
41:32 Imperial Age
40:53 Chain Mail Armor
41:13 Iron Casting
40:41 Padded Archer Armor
41:40 Capped Ram
44:46 Hand Cart
45:15 Plate Mail Armor
45:24 Bracer
45:39 Leather Archer Armor
45:11 Long Swordsman
46:12 Thumb Ring
46:16 Two-Handed Swordsman
46:41 Gambesons
51:00 Gambesons
52:10 Gold Shaft Mining
52:02 Conscription
TARBA-BAR
5:13 Loom
13:22 Feudal Age
19:34 Castle Age
17:37 Fletching
19:40 Crossbowman
20:24 Bodkin Arrow
29:10 Bloodlines
29:01 Husbandry
34:20 Imperial Age
32:44 Forging
32:41 Double-Bit Axe
32:48 Horse Collar
34:10 Wheelbarrow
34:07 Scale Barding Armor
35:54 Iron Casting
37:01 Hand Cart
39:20 Blast Furnace
43:00 Heavy Camel Rider
44:02 Chain Barding Armor
45:29 Plate Barding Armor
51:02 Padded Archer Armor
51:54 Thumb Ring
51:10 Elite Skirmisher
52:46 Ballistics
53:27 Chemistry
52:46 Leather Archer Armor
Azwad
4:35 Loom
13:59 Feudal Age
18:24 Castle Age
16:44 Double-Bit Axe
17:32 Scale Mail Armor
17:26 Stone Mining
24:46 Fletching
29:54 Bodkin Arrow
35:07 Wheelbarrow
35:31 Town Watch
39:20 Imperial Age
39:37 Imperial Age
37:39 Bow Saw
39:00 Forging
38:13 Pikeman
40:40 Ballistics
43:50 Conscription
44:49 Masonry
45:59 Iron Casting
45:39 Chain Mail Armor
46:03 Arson
46:20 Squires
47:49 Halberdier
49:50 Blast Furnace
49:05 Chain Mail Armor
49:34 Elite Throwing Axeman
50:11 Gold Mining
52:41 Hand Cart
ken4403
9:53 Loom
14:20 Feudal Age
17:41 Castle Age
15:36 Fishing Lines
16:18 Town Watch
16:50 Double-Bit Axe
18:54 Medium Warships
20:24 Fletching
24:02 Scale Barding Armor
24:08 Forging
25:20 Chain Barding Armor
26:40 Bow Saw
26:10 Horse Collar
26:21 Gold Mining
30:10 Heavy Plow
31:44 Iron Casting
36:56 Imperial Age
35:02 Wheelbarrow
35:32 Bodkin Arrow
35:37 Padded Archer Armor
36:15 Bloodlines
36:07 Husbandry
36:47 Hand Cart
38:02 Conscription
37:59 Leather Archer Armor
37:46 Elite Conquistador
39:39 Ring Archer Armor
43:10 Chemistry
42:30 Ballistics
42:12 Bracer
42:04 Light Cavalry
43:41 Plate Barding Armor
43:42 Iron Casting
43:04 Hussar
47:35 Blast Furnace
46:54 Masonry
48:25 Coinage
47:55 Caravan
52:01 Bombard Tower
Connection lost

Rejoining the realm…

Still unreachable

The connection could not be restored.

Session expired

The server has moved on; the page needs a fresh start.